cohdb
Replays
Latest Replays
All Replays
Popular Replays
Top Player Replays
Match Explorer
How It Works
Community
CoH3 Stats
Reddit
Sign in to upload your games and track your stats! →
Sign in with Steam
Match 39179402
Unlisted
Match 39179402
Overview
Messages
Build Orders
End
Kettenkrad Recon Vehicle
Construct Infanterie Kompanie
Grenadier Squad
Grenadier Squad
Construct Panzergrenadier Kompanie
Panzergrenadier Squad
Panzergrenadier Squad
Panzergrenadier Officer Quarters
Medical Bunker
Pioneer Squad
Construct Panzer Kompanie
Panzer IV Medium Tank
Stoßtruppen Squad
Selects Mechanized Battlegroup
Selects Raid Package
Selects Spotting Scopes
Selects Stoßtruppen Assault Package
Panzer IV Medium Tank
Side Skirts
Panzer Officer Quarters
Stoßtruppen Squad
Panzer IV Medium Tank
Pioneer Squad
desertBeliever
『BlackBear』
0
0
Comments
sign in to comment!
No comments posted yet!